 Dungeon Crawl Stone Soup version 0.25-a0-353-ged6d54792d (webtiles) character file.

Game seed: 15073588580571707038, levelgen mode: deterministic

7709 night the Grappler (level 11, -13/102 HPs)
             Began as a Ghoul Fighter on Jan 2, 2020.
             Was an Elder of Wu Jian.
             Mangled by an earth elemental (32 damage)
             ... on level 9 of the Dungeon.
             The game lasted 00:29:04 (9017 turns).

night the Grappler (Ghoul Fighter)                  Turns: 9017, Time: 00:29:05

Health: -13/102    AC: 11    Str: 24    XL:     11   Next: 19%
Magic:  10/10      EV:  8    Int:  5    God:    Wu Jian [****..]
Gold:   433        SH: 11    Dex: 10    Spells: 10/10 levels left

rFire    . . .     SeeInvis +     - Unarmed
rCold    + . .     Gourm    .   b - +0 shield
rNeg     + + +     Faith    .   a - +0 scale mail
rPois    ∞         Spirit   .   l - +1 helmet {SInv}
rElec    .         Reflect  .   q - +0 cloak
rCorr    .         Harm     .   k - +0 pair of gloves
MR       .....                  (no boots)
Stlth    ..........             (no amulet)
HPRegen  0.00/turn              h - +2 ring of strength
MPRegen  0.12/turn              u - +2 ring of dexterity

@: rotting
A: rotting body, claws 1, carnivore, cold resistance 1, negative energy
resistance 3, inhibited regeneration, torment resistance, unbreathing
a: Wall Jump, Serpent's Lash, Renounce Religion


You were on level 9 of the Dungeon.
You worshipped Wu Jian.
Wu Jian was greatly pleased with you.
You were not hungry.

You visited 1 branch of the dungeon, and saw 10 of its levels.
You also visited: Bailey.

You collected 697 gold pieces.
You spent 264 gold pieces at shops.

Inventory:

Missiles
 e - 5 boomerangs (quivered)
 m - 64 bolts
 n - 6 javelins
 r - 167 stones
 s - 43 sling bullets
 E - 12 poisoned darts
Armour
 a - a +0 scale mail (worn)
 b - a +0 shield (worn)
 k - a +0 pair of gloves (worn)
 l - a +1 helmet of see invisible (worn)
 q - a +0 cloak (worn)
Jewellery
 h - a +2 ring of strength (left hand)
 t - an uncursed ring of fire
 u - a +2 ring of dexterity (right hand)
Wands
 v - a wand of enslavement (7)
 y - a wand of acid (8)
 C - a wand of polymorph (9)
 D - a wand of flame (11)
Scrolls
 f - a scroll of immolation
 g - 7 scrolls of identify
 i - a scroll of vulnerability {unknown}
 j - 7 scrolls of remove curse
 p - a scroll of enchant armour {unknown}
 x - 2 scrolls of fog {unknown}
 A - a scroll of enchant weapon
 F - a scroll of teleportation
 G - a scroll of fear {unknown}
 I - a scroll of blinking
Potions
 c - 2 potions of might
 o - 2 potions of flight
 w - a potion of curing
 z - 2 potions of berserk rage {unknown}
 H - a potion of resistance
 J - a potion of heal wounds
Comestibles
 d - 12 rations


   Skills:
 + Level 11.2 Fighting
 - Level 2.6 Armour
 + Level 7.7 Shields
 + Level 12.3 Unarmed Combat


You had 10 spell levels left.
You didn't know any spells.
Your spell library contained the following spells:

 Spells                   Type           Power        Failure   Level  Hunger
 Summon Small Mammal      Summ           #...         97%         1    ##.....
 Call Imp                 Summ           #.......     99%         2    ###....
 Call Canine Familiar     Summ           #.......     100%        3    ####...
 Summon Guardian Golem    Hex/Summ       #.......     100%        3    ####...
 Summon Ice Beast         Ice/Summ       #.......     100%        4    #####..
 Summon Lightning Spire   Summ/Air       #.......     100%        4    #####..


Dungeon Overview and Level Annotations

Branches:
Dungeon (10/15)            Temple (0/1) D:5             Orc (0/2) D:9
 Bailey (visited)
   Lair: D:8-11

Altars:
Dithmenos
Hepliaklqana
Nemelex Xobeh
Okawaru
Trog
Wu Jian
The Shining One
Beogh

Shops:
D:9 [

Annotations:
D:6 2 transporters, bmfx's ghost, novice DEWz
D:9 2 runed translucent doors, KrasnyyBoyets's ghost, novice TrFi


Innate Abilities, Weirdness & Mutations

Your body is rotting away.
You thrive on raw meat.
You are immune to poison.
You have sharp fingernails.
You are carnivorous and can eat meat at any time.
Your flesh is cold resistant. (rC+)
You are immune to negative energy. (rN+++)
You do not regenerate when monsters are visible.
You are immune to unholy pain and torment.
You can survive without breathing.


Message History

The earth elemental is moderately damaged.
You hit the earth elemental.
The earth elemental is moderately damaged.
The earth elemental hits you!
You hit the earth elemental but do no damage.
The earth elemental is moderately damaged.
You pummel the earth elemental!!
You destroy the earth elemental!
The Council accepts your kill.
You lunge at the earth elemental.
You hit the earth elemental.
The earth elemental is moderately damaged.
The earth elemental hits you!!
* * * LOW HITPOINT WARNING * * *
You see here a hippogriff skeleton.
You hit the earth elemental but do no damage.
The earth elemental is moderately damaged.
You hit the earth elemental but do no damage.
The earth elemental is moderately damaged.
The earth elemental hits you!!
You die...

................................#
.......#####..........####'#....#
.......# #.#####....#....'....#
..((...# #.#...#....#....#....#
######(# #.#...#....#....#.....
#)# #.#...#....######.....
#(#####.'...#...............
#.......#####...........E...
#..........@E........E......
############################ # #


You could see an earth elemental.

Vanquished Creatures
  Pikel (D:4)
  An orc knight (Bailey)
  Maurice (D:8)
  A centaur zombie (D:8)
  A gargoyle (D:9)
  Grinder (D:6)
  2 hippogriffs (D:9)
  A wyvern (D:7)
  A hungry ghost (D:7)
  5 yaks (D:9)
  Menkaure (D:5)
  Duvessa (D:4)
  A phantom (D:7)
  A sky beast (D:9)
  A necrophage (D:2)
  2 black bears
  5 orc warriors
  2 ogres
  4 centaurs
  3 big kobolds
  Blork the orc (D:4)
  5 bullfrogs
  A wyvern zombie (D:7)
  2 earth elementals (D:9)
  Dowan (D:4)
  3 killer bees (D:8)
  4 scorpions
  3 wights (D:7)
  4 howler monkeys
  2 bullfrog zombies (D:8)
  A crimson imp (D:5)
  4 orc wizards
  Crazy Yiuf (D:5)
  5 hounds
  2 jellies
  5 orc priests
  2 bullfrog skeletons
  Jessica (D:3)
  Terence (D:2)
  5 worker ants
  3 iguanas
  A killer bee zombie (D:8)
  2 hound zombies
  A hound skeleton (D:8)
  7 gnolls
  A howler monkey skeleton (D:9)
  8 adders
  A shadow imp (D:5)
  3 oozes
  4 adder skeletons
  A worm (D:2)
  4 dart slugs
  6 leopard geckos
  28 orcs
  3 ball pythons
  6 bats
  2 giant cockroaches
  5 goblins
  4 hobgoblins
  11 jackals
  2 quokkas
  4 frilled lizards
  23 kobolds
  A leopard gecko zombie (D:8)
  7 rats
  A fungus (D:5)
228 creatures vanquished.

Vanquished Creatures (others)
  Edmund (D:4)
  A giant cockroach (D:4)
2 creatures vanquished.

Grand Total: 230 creatures vanquished

Notes
Turn   | Place    | Note
-------+----------+-------------------------------------------
     0 | D:1      | night the Ghoul Fighter began the quest for the Orb.
     0 | D:1      | Reached XP level 1. HP: 19/19 MP: 0/0
    45 | D:1      | Reached XP level 2. HP: 17/26 MP: 1/1
   435 | D:1      | Reached skill level 3 in Unarmed Combat
   787 | D:1      | Reached XP level 3. HP: 31/33 MP: 2/2
   993 | D:2      | Noticed a necrophage
  1004 | D:2      | Killed a necrophage
  1004 | D:2      | Reached skill level 4 in Unarmed Combat
  1004 | D:2      | Reached XP level 4. HP: 36/41 MP: 3/3
  1004 | D:2      | Reached XP level 5. HP: 42/47 MP: 4/4
  1108 | D:2      | Noticed Terence
  1128 | D:2      | Killed Terence
  1128 | D:2      | Reached skill level 5 in Unarmed Combat
  1667 | D:3      | Noticed Jessica
  1676 | D:3      | Killed Jessica
  1710 | D:3      | You fall into a shaft and drop 2 floors!
  1710 | D:5      | Entered Level 5 of the Dungeon
  1731 | D:4      | Reached XP level 6. HP: 54/55 MP: 5/5
  1772 | D:4      | Reached skill level 5 in Fighting
  1780 | D:4      | Reached skill level 6 in Unarmed Combat
  1848 | D:3      | Found a bloodstained altar of Trog.
  1848 | D:3      | Found a faded altar of an unknown god.
  1854 | D:3      | Found an iron altar of Okawaru.
  1856 | D:3      | Found a faded altar of an unknown god.
  1859 | D:3      | Found an ornate altar of the Wu Jian Council.
  1869 | D:3      | Became a worshipper of the Wu Jian Council
  2181 | D:3      | Found a sparkling altar of Nemelex Xobeh.
  2499 | D:4      | Noticed Dowan
  2513 | D:4      | Noticed Duvessa
  2622 | D:4      | Killed Duvessa
  2622 | D:4      | Reached XP level 7. HP: 19/61 MP: 6/6
  2633 | D:4      | Killed Dowan
  2633 | D:4      | Reached skill level 7 in Unarmed Combat
  2948 | D:4      | Noticed Pikel
  2982 | D:4      | HP: 3/62 [Pikel/+0 whip of flaming (3)]
  3005 | D:4      | Killed Pikel
  3005 | D:4      | Reached skill level 8 in Unarmed Combat
  3005 | D:4      | Reached XP level 8. HP: 12/71 MP: 7/7
  3088 | D:4      | Killed Edmund
  3307 | D:4      | Noticed Blork the orc
  3315 | D:4      | Killed Blork the orc
  3339 | D:4      | Reached * piety under Wu Jian
  3886 | D:5      | Found a staircase to the Ecumenical Temple.
  3896 | D:5      | Reached skill level 9 in Unarmed Combat
  4143 | D:5      | Found a hazy altar of Hepliaklqana.
  4364 | D:5      | Noticed Menkaure
  4371 | D:5      | Killed Menkaure
  4377 | D:5      | Found a glowing golden altar of the Shining One.
  4554 | D:5      | Found a runed translucent door.
  4555 | D:5      | Noticed Crazy Yiuf
  4564 | D:5      | Killed Crazy Yiuf
  4807 | D:5      | Reached XP level 9. HP: 50/81 MP: 8/8
  5004 | D:6      | Noticed bmfx's ghost (novice DEWz)
  5009 | D:6      | Found a transporter.
  5033 | D:6      | Found a transporter.
  5060 | D:6      | Noticed Grinder
  5084 | D:6      | Killed Grinder
  5161 | D:6      | Reached skill level 10 in Unarmed Combat
  5215 | D:6      | Reached ** piety under Wu Jian
  5515 | D:7      | Found a shadowy altar of Dithmenos.
  5515 | D:7      | You fall into a shaft and drop 2 floors!
  5536 | D:9      | Found Roun's Armour Shop.
  5543 | D:9      | Bought a +1 helmet of see invisible for 264 gold pieces
  5578 | D:9      | Found a flagged portal.
  5584 | D:9      | Noticed a gargoyle
  5588 | Bailey   | Entered a bailey
  5720 | Bailey   | Found an iron altar of Okawaru.
  5733 | Bailey   | HP: 1/82 [orc warrior/+0 battleaxe (11)]
  5787 | Bailey   | Noticed an orc knight
  6364 | Bailey   | Killed an orc knight
  6364 | Bailey   | Reached skill level 5 in Shields
  6576 | D:9      | Killed a gargoyle
  6576 | D:9      | Reached XP level 10. HP: 49/88 MP: 9/9
  6795 | D:9      | Found a staircase to the Orcish Mines.
  6862 | D:8      | Reached skill level 11 in Unarmed Combat
  6899 | D:8      | Noticed Maurice
  6984 | D:8      | Reached *** piety under Wu Jian
  7152 | D:8      | Reached skill level 10 in Fighting
  7358 | D:8      | Killed Maurice
  8238 | D:9      | Reached **** piety under Wu Jian
  8335 | D:9      | Found a large runed translucent door.
  8335 | D:9      | Found a large runed translucent door.
  8337 | D:9      | Noticed KrasnyyBoyets's ghost (novice TrFi)
  8344 | D:9      | Reached skill level 12 in Unarmed Combat
  8348 | D:9      | Reached XP level 11. HP: 74/101 MP: 10/10
  8496 | D:9      | Found a roughly hewn altar of Beogh.
  8775 | D:10     | Entered Level 10 of the Dungeon
  9017 | D:9      | Mangled by an earth elemental

Levels and vault maps discovered:
D:1:      dpeg_arrival_rooms_b, layout_loops_ring, st_stairs_10
D:2:      layout_basic, first_ration, uniq_terence
D:3:      layout_basic, chequers_temple_overflow_minitemple,
          nemelex_xobeh_ov_fountains_minmay, uniq_jessica
D:4:      layout_basic, uniq_pikel, uniq_edmund, uniq_duvessa,
          uniq_blork_the_orc
D:5:      layout_basic, kennysheep_little_box, tso_oasis_becter,
          minmay_temple_entry_wispy, kennysheep_flooded_box,
          kennysheep_generic_room_7, uniq_menkaure, uniq_crazy_yiuf_cottage
D:6:      layout_basic, gammafunk_ghost_stat_death, uniq_grinder
D:7:      layout_basic, basic_altar
D:8:      layout_rooms, uniq_maurice
D:9:      layout_irregular_city, minmay_orc_entry_temple_small, enter_bailey_2,
          ebering_ghost_disaster_area, serial_shops, shop
D:10:     minmay_stone_box, layout_loops_ring, erik_lair_orcish_takeover,
          hangedman_stone_soup, uniq_josephine, uniq_psyche, uniq_sonja

Skill      XL: |  1  2  3  4  5  6  7  8  9 10 11 |
---------------+----------------------------------+-----
Unarmed Combat | 3 4 5 6 8 9 10 12 | 12.3
Fighting       | 4 5 6 7 9 10 11 | 11.2
Shields        | 3 5 7 |  7.7
Armour         | |  2.6

Action                   |  1- 3 |  4- 6 |  7- 9 | 10-12 || total
-------------------------+-------+-------+-------+-------++-------
Melee: Unarmed           |    70 |   183 |   341 |   394 ||   988
Throw: Boomerang         |       |       |   114 |     5 ||   119
       Javelin           |       |       |     6 |       ||     6
       Stone             |       |       |     2 |       ||     2
Invok: Lunge             |       |     5 |    17 |    19 ||    41
       Whirlwind         |       |       |    43 |    79 ||   122
 Abil: Wall Jump         |       |       |       |     1 ||     1
Evoke: Wand              |       |       |     5 |     1 ||     6
  Use: Potion            |       |       |     6 |       ||     6
       Scroll            |       |       |    14 |       ||    14
  Eat: Chunk             |     3 |     8 |    11 |    21 ||    43
Armor: Scale mail        |    21 |    57 |   124 |   106 ||   308
Dodge: Dodged            |    18 |    58 |   101 |    79 ||   256
Block: Shield            |    10 |    76 |   180 |   139 ||   405

Table legend:
 A = Non-vault XP
 B = Vault XP
 C = Vault XP percentage of total XP
 D = Non-vault monster count
 E = Vault monster count
 F = Vault count percentage of total count
                 A         B        C        D         E       F
            +---------+---------+-------+---------+---------+-------
      Total |    7570 |    3443 |  31.3 |     191 |      36 |  15.9
            +---------+---------+-------+---------+---------+-------
        D:1 |      29 |       5 |  14.7 |      12 |       2 |  14.3
        D:2 |     200 |      36 |  15.3 |      18 |       1 |   5.3
        D:3 |      51 |      37 |  42.0 |      19 |       1 |   5.0
        D:4 |     278 |     988 |  78.0 |      17 |       4 |  19.0
        D:5 |     466 |     220 |  32.1 |      15 |       4 |  21.1
        D:6 |     470 |     277 |  37.1 |      21 |       1 |   4.5
        D:7 |    1587 |       0 |   0.0 |      26 |       0 |   0.0
        D:8 |    1703 |     496 |  22.6 |      34 |       1 |   2.9
        D:9 |    2786 |     519 |  15.7 |      29 |      11 |  27.5
     Bailey |       0 |     865 | 100.0 |       0 |      11 | 100.0
            +---------+---------+-------+---------+---------+-------
